 Dungeon Crawl Stone Soup version 0.30.1-11-g7821555f0a (webtiles) character file.

Game seed: 4652657603261145729

1223 Martska the Trooper (level 8, -1/65 HPs)
             Began as a Demonspawn Fighter on Dec 13, 2023.
             Slain by an orc warrior
             ... wielding a +0 glaive
              (8 damage)
             ... on level 6 of the Dungeon.
             The game lasted 00:05:08 (4684 turns).

Martska the Trooper (Demonspawn Fighter)            Turns: 4684, Time: 00:05:08

Health: -1/65      AC: 11    Str: 20    XL:     8   Next: 23%
Magic:  8/8        EV: 12    Int:  9    God:
Gold:   300        SH: 11    Dex: 18    Spells: 7/7 levels left

rFire   . . .        t - +1 whip (drain)
rCold   . . .        c - +0 buckler
rNeg    . . .        b - +0 scale mail
rPois   .            (helmet restricted)
rElec   .            v - scarf {shadows}
rCorr   .            k - +0 pair of gloves
SInv    .            (no boots)
Will    .....        g - amulet of reflection Stlth
                     q - +6 ring of dexterity
HPRegen 0.30/turn    (no ring)
MPRegen 0.11/turn

%: reflection
@: mighty
A: horns 1, icy blue scales 2, powered by pain 2
a: no special abilities


You were on level 6 of the Dungeon.
You visited 1 branch of the dungeon, and saw 6 of its levels.

You collected 300 gold pieces.

Inventory:

Hand Weapons
 a - a +0 trident
 j - a +0 long sword
 t - a +1 whip of draining (weapon)
 u - a +0 short sword of electrocution
Armour
 b - a +0 scale mail (worn)
 c - a +0 buckler (worn)
 k - a +0 pair of gloves (worn)
 v - a scarf of shadows (worn)
Jewellery
 g - an amulet of reflection (around neck)
 q - a +6 ring of dexterity (left hand)
 r - a ring of ice
 C - a ring of see invisible
Wands
 y - a wand of flame (23)
 B - a wand of charming (6)
Scrolls
 e - 7 scrolls of identify {unknown}
 h - 2 scrolls of teleportation {unknown}
 m - a scroll of brand weapon {unknown}
 p - a scroll of torment {unknown}
 s - a scroll of poison {unknown}
 w - a scroll of magic mapping {unknown}
 x - a scroll of blinking {unknown}
Potions
 d - 2 potions of might
 f - 2 potions of haste {unknown}
 i - 3 potions of curing {unknown}
 l - a potion of lignification {unknown}
 n - a potion of attraction {unknown}
 o - 2 potions of flight {unknown}
 z - a potion of brilliance {unknown}
 A - 2 potions of heal wounds {unknown}
 D - a potion of degeneration {unknown}


   Skills:
 * Level 6.4 Fighting
 - Level 1.7 Polearms
 + Level 4.5 Armour
 * Level 5.0 Dodging
 + Level 4.5 Shields


You had 7 spell levels left.
You didn't know any spells.
Your spell library contained the following spells:

 Spells                   Type           Power      Damage    Failure   Level
 Ensorcelled Hibernation  Hex/Ice        0%         N/A       90%         2
 Lesser Beckoning         Tloc           0%         N/A       90%         2
 Sublimation of Blood     Necr           0%         N/A       90%         2
 Gell's Gravitas          Tloc           0%         N/A       99%         3
 Spider Form              Tmut/Pois      0%         N/A       99%         3
 Teleport Other           Tloc           0%         N/A       99%         3
 Anguish                  Hex/Necr       0%         N/A       100%        4
 Petrify                  Tmut/Erth      0%         N/A       100%        4
 Irradiate                Conj/Tmut      0%         3d11      100%        5


Dungeon Overview and Level Annotations

Branches:
Dungeon (6/15)
 Temple: D:4-7

Altars:

Shops:
D:3 (


Innate Abilities, Weirdness & Mutations

You have a pair of small horns on your head.
You are mostly covered in icy blue scales. (AC +3)
You sometimes gain power by taking damage.


Message History

You are too injured to fight recklessly!
You are too injured to fight recklessly!
You are too injured to fight recklessly!
You are too injured to fight recklessly!
You are too injured to fight recklessly!
You are too injured to fight recklessly!
You are too injured to fight recklessly!
You are too injured to fight recklessly!
You are too injured to fight recklessly!
You are too injured to fight recklessly!
You are too injured to fight recklessly!
You are too injured to fight recklessly!
You are too injured to fight recklessly!
You closely miss the orc priest. You headbutt the orc priest.
You kill the orc priest!
The orc warrior misses you.
The orc warrior hits you but does no damage.
Things that are here:
a +0 dagger; a +0 ring mail You closely miss the orc warrior.
The orc warrior hits you with a +0 glaive!
You hit the orc warrior.
The orc warrior is lightly wounded.
The orc warrior hits you with a +0 glaive!
* * * LOW HITPOINT WARNING * * *
You barely miss the orc warrior.
The orc warrior is lightly wounded.
You block the orc warrior's attack.
You whack the orc warrior! You headbutt the orc warrior.
The orc warrior is heavily wounded.
You block the orc warrior's attack.
You hit the orc warrior.
The orc warrior is severely wounded.
The orc warrior misses you.
You closely miss the orc warrior. You headbutt the orc warrior!
The orc warrior is almost dead.
The orc warrior hits you with a +0 glaive!
* * * LOW HITPOINT WARNING * * *
The orc warrior hits you with a +0 glaive!
You die...

#.##.##.....[.#
#.##.##.......#
#....##.#######
#..####.#
#..####.# ##
###.......# ..
#.......#####.#..
#.##.##.###.....#
#. #..?)..@o# #.
####)##### #. #.#
#. ..# ## ####


You could see an orc warrior.

Vanquished Creatures
  Eustachio (D:5)
  2 water moccasins
  A black bear (D:5)
  A phantom (D:5)
  3 scorpions
  A howler monkey (D:4)
  A jelly (D:4)
  3 orc priests
  2 hounds (D:5)
  4 iguanas (D:5)
  Terence (D:2)
  An orc wizard (D:5)
  4 gnolls (D:3)
  2 adders
  An ufetubus (D:5)
  5 dart slugs
  9 orcs
  5 bats
  14 endoplasms
  2 giant cockroaches
  8 goblins
  8 hobgoblins
  3 jackals (D:4)
  3 quokkas
  9 ball pythons
  2 frilled lizards (D:1)
  6 kobolds
  10 rats
112 creatures vanquished.

Notes
Turn   | Place    | Note
-------+----------+-------------------------------------------
     0 | D:1      | Martska the Demonspawn Fighter began the quest for the Orb.
     0 | D:1      | Reached XP level 1. HP: 18/18 MP: 1/1
   227 | D:1      | Gained mutation: You are partially covered in icy blue
                  | scales. (AC +2) [demonic ancestry]
   227 | D:1      | Reached XP level 2. HP: 24/24 MP: 2/2
   302 | D:1      | Reached skill level 1 in Dodging
   713 | D:2      | Gained mutation: You are mostly covered in icy blue scales.
                  | (AC +3) [demonic ancestry]
   713 | D:2      | Reached XP level 3. HP: 29/29 MP: 3/3
   875 | D:2      | Noticed Terence
   883 | D:2      | Killed Terence
   961 | D:2      | Found a faded altar of an unknown god.
  1124 | D:2      | Reached XP level 4. HP: 36/37 MP: 4/4
  1724 | D:3      | Reached skill level 4 in Fighting
  1969 | D:3      | Reached XP level 5. HP: 42/42 MP: 5/5
  1976 | D:3      | Found Wuyroyma's Weapon Shop.
  2836 | D:4      | Gained mutation: You sometimes gain a little power by
                  | taking damage. [demonic ancestry]
  2836 | D:4      | Reached XP level 6. HP: 45/49 MP: 6/6
  3231 | D:5      | Entered Level 5 of the Dungeon
  3457 | D:5      | Reached skill level 5 in Fighting
  3474 | D:5      | Gained mutation: You sometimes gain power by taking damage.
                  | [demonic ancestry]
  3474 | D:5      | Reached XP level 7. HP: 56/56 MP: 7/7
  4052 | D:5      | Noticed Eustachio
  4102 | D:5      | Killed Eustachio
  4103 | D:5      | Reached skill level 6 in Fighting
  4330 | D:5      | Gained mutation: You have a pair of small horns on your
                  | head. [demonic ancestry]
  4330 | D:5      | Reached XP level 8. HP: 51/64 MP: 8/8
  4672 | D:6      | Reached skill level 5 in Dodging
  4684 | D:6      | Slain by an orc warrior

Illustrated notes

Levels and vault maps discovered:
D:1:      psy_arrival_spokes, layout_basic, serial_corexii_hall,
          chequers_hall_statues_corner_a, corexii_hall_statues_t, minivault_23,
          minmay_misc_feat_columns, minmay_rat_gold_closets
D:2:      layout_basic, hellmonk_ecumenical_altar_inner_sanctum,
          minmay_pentomino_x2, uniq_terence
D:3:      layout_basic, serial_shops, shop
D:4:      layout_gridville, grunt_ministairs_4
D:5:      layout_loops_ring, lemuel_flamethrower_2, uniq_eustachio
D:6:      layout_loops_cross, serial_shops, shop

Skill      XL: |  1  2  3  4  5  6  7  8 |
---------------+-------------------------+-----
Dodging        | 1 2 3 4 5 |  5.0
Shields        | 3 4 |  4.5
Armour         | 3 4 |  4.5
Fighting       | 4 5 6 |  6.4
Polearms       | |  1.7

Action                     |  1- 3 |  4- 6 |  7- 9 || total
---------------------------+-------+-------+-------++-------
  Melee: Trident           |   124 |    88 |       ||   212
         Whip              |       |   119 |   166 ||   285
         Headbutt          |       |       |     7 ||     7
 Armour: Scale mail        |    59 |    64 |    81 ||   204
  Dodge: Dodged            |    30 |    81 |   106 ||   217
  Block: Buckler           |    28 |   106 |   122 ||   256
         Reflection        |       |     1 |     3 ||     4
